Map: Frozen Temple

Players

KingTesla (Rob) - Winner!

  • Race: Protoss Protoss
  • League: Grandmaster

VampyWorm

  • Race: Protoss Protoss
  • League: Master

Event: Cheesadelphia Summer 2016

VOD

Have the link to the VOD?

Description

Time

  • Played on: July 23, 2016, 2:39 p.m.
  • Length: 6:24

All games in this series

Show
View Real Time Build Order
Export as new Build Order

KingTesla Protoss - Winner!

Build Orders: Blink Stalkers 

Get SALT Encoding   

  12  0:00  Probe (Chrono Boost)  
  13  0:11  Probe (Chrono Boost)  
  14  0:19  Pylon  
  14  0:22  Probe (Chrono Boost)  
  15  0:38  Probe (Chrono Boost), Gateway  
  16  0:48  Probe (Chrono Boost)  
  17  0:53  Assimilator  
  17  0:55  Assimilator  
  17  0:59  Probe (Chrono Boost)  
  18  1:07  Gateway  
  18  1:09  Probe (Chrono Boost)  
  19  1:20  Probe (Chrono Boost)  
  20  1:29  Cybernetics Core  
  20  1:30  Probe (Chrono Boost)  
  21  1:36  Pylon  
  21  1:41  Probe (Chrono Boost)  
  22  1:51  Probe (Chrono Boost)  
  23  2:01  Stalker  
  23  2:03  Probe (Chrono Boost)  
  23  2:05  Stalker  
  28  2:08  Warp Gate  
  28  2:22  Mothership Core (Chrono Boost)  
  30  2:47  Nexus  
  30  2:53  Probe (Chrono Boost), Pylon  
  31  3:00  Twilight Council  
  32  3:12  Probe (Chrono Boost)  
  32  3:23  Probe (Chrono Boost)  
  32  3:24  Robotics Facility  
  32  3:25  Blink  
  33  3:28  Gateway  
  34  3:42  Probe (Chrono Boost)  
  34  3:54  Probe (Chrono Boost)  
  35  3:59  Pylon  
  35  4:00  Probe (Chrono Boost)  
  36  4:06  Probe (Chrono Boost)  
  36  4:08  Observer  
  37  4:10  Probe (Chrono Boost)  
  37  4:12  Pylon  
  37  4:15  Sentry  
  42  4:18  Probe (Chrono Boost)  
  42  4:23  Probe (Chrono Boost)  
  43  4:24  Stalker  
  43  4:27  Stalker  
  43  4:30  Probe (Chrono Boost)  
  48  4:35  Probe (Chrono Boost)  
  48  4:38  Immortal  
  49  4:42  Probe (Chrono Boost)  
  54  4:46  Pylon  
  54  4:50  Stalker  
  56  4:59  Probe x2 (Chrono Boost)  
  56  5:01  Stalker  
  56  5:05  Stalker  
  60  5:11  Probe (Chrono Boost)  
  60  5:13  Probe (Chrono Boost)  
  62  5:17  Stalker  
  64  5:23  Observer  
  65  5:29  Stalker, Pylon  
  65  5:34  Gateway x2  
  67  5:39  Pylon  
  67  5:44  Stalker  
  69  6:00  Stalker x2  
Show
View Real Time Build Order
Export as new Build Order

VampyWorm Protoss 

Build Orders: Blink Stalkers, Dark Templar Rush 

Get SALT Encoding   

  12  0:00  Probe (Chrono Boost)  
  13  0:11  Probe (Chrono Boost)  
  14  0:19  Pylon  
  14  0:24  Probe (Chrono Boost)  
  15  0:37  Probe (Chrono Boost)  
  15  0:40  Gateway  
  16  0:44  Assimilator  
  16  0:47  Probe (Chrono Boost)  
  17  0:58  Probe (Chrono Boost)  
  18  1:07  Assimilator  
  18  1:08  Probe (Chrono Boost)  
  19  1:19  Probe (Chrono Boost)  
  20  1:29  Cybernetics Core  
  20  1:30  Probe (Chrono Boost)  
  21  1:37  Pylon  
  21  1:40  Probe (Chrono Boost)  
  22  1:48  Gateway  
  22  1:51  Probe (Chrono Boost)  
  24  2:01  Warp Gate  
  24  2:03  Stalker  
  27  2:08  Mothership Core (Chrono Boost)  
  27  2:21  Twilight Council  
  27  2:28  Probe (Chrono Boost)  
  28  2:35  Stalker  
  28  2:40  Probe (Chrono Boost)  
  31  2:44  Pylon  
  31  2:58  Stalker  
  31  3:04  Dark Shrine  
  33  3:29  Nexus  
  33  3:31  Pylon  
  33  3:36  Gateway  
  33  3:44  Probe (Chrono Boost)  
  35  3:57  Probe (Chrono Boost)  
  35  3:59  Blink  
  35  4:09  Probe (Chrono Boost)  
  36  4:19  Dark Templar x2  
  36  4:21  Probe (Chrono Boost)  
  41  4:33  Probe (Chrono Boost)  
  41  4:37  Robotics Facility  
  41  4:40  Assimilator  
  41  4:44  Probe (Chrono Boost)  
  41  4:45  Probe (Chrono Boost)  
  43  4:54  Probe (Chrono Boost)  
  43  4:57  Probe (Chrono Boost)  
  41  5:00  Stalker  
  41  5:05  Probe (Chrono Boost), Stalker  
  46  5:09  Stalker  
  46  5:13  Probe (Chrono Boost)  
  49  5:15  Probe (Chrono Boost)  
  49  5:21  Observer, Assimilator  
  50  5:25  Probe (Chrono Boost)  
  50  5:27  Probe (Chrono Boost)  
  53  5:30  Stalker  
  53  5:34  Stalker  
  57  5:38  Probe (Chrono Boost)  
  57  5:41  Stalker  
  60  5:44  Observer  
  60  5:45  Probe (Chrono Boost)  
  61  5:51  Probe (Chrono Boost)  
  61  5:56  Stalker  
  61  6:00  Stalker  
  61  6:03  Probe (Chrono Boost)  
Tags
 
Add a new tag
Caveats
  • Supply blocks, unpowered buildings, or Contaminate may cause inaccurate times.
  • Supply counts are checked every 10 seconds.